 Dungeon Crawl Stone Soup version 0.25-a0-317-g5f8687bca5 (webtiles) character file.

Game seed: 3805928725687419315, levelgen mode: classic

46 Borgoz the Skirmisher (level 3, -1/24 HPs)
             Began as a Gargoyle Berserker on Dec 25, 2019.
             Was a Believer of Trog.
             Slain by an adder (4 damage)
             ... on level 2 of the Dungeon.
             The game lasted 00:01:41 (1198 turns).

Borgoz the Skirmisher (Gargoyle Berserker)          Turns: 1198, Time: 00:01:42

Health: -1/24      AC:  5    Str: 20    XL:     3   Next: 68%
Magic:  3/3        EV: 12    Int:  7    God:    Trog [**....]
Gold:   40         SH:  0    Dex: 10    Spells: 2/2 levels left

rFire    . . .     SeeInvis .   a - +0 falchion
rCold    . . .     Gourm    .   (no shield)
rNeg     + . .     Faith    .   b - +0 animal skin
rPois    ∞         Spirit   .   (no helmet)
rElec    +         Reflect  .   (no cloak)
rCorr    .         Harm     .   (no gloves)
MR       .....                  (no boots)
Stlth    +.........             (no amulet)
HPRegen  0.08/turn              (no ring)
MPRegen  0.08/turn              (no ring)

@: no status effects
A: negative energy resistance 1, electricity resistance, unbreathing,
petrification resistance, rot immunity, AC +3
a: Berserk, Trog's Hand, Renounce Religion


You were on level 2 of the Dungeon.
You worshipped Trog.
Trog was pleased with you.
You were not hungry.

You visited 1 branch of the dungeon, and saw 2 of its levels.

You collected 40 gold pieces.

Inventory:

Hand Weapons
 a - a +0 falchion (weapon)
Armour
 b - a +0 animal skin (worn)
Scrolls
 i - 2 scrolls of remove curse
 j - a scroll of teleportation {unknown}
Potions
 k - 2 potions of haste
Comestibles
 c - 2 rations
 f - 3 chunks of flesh


   Skills:
 + Level 3.7 Fighting
 * Level 3.3 Long Blades
 + Level 2.7 Armour
 + Level 2.0 Dodging


You had 2 spell levels left.
You didn't know any spells.
Your spell library was empty.

Dungeon Overview and Level Annotations

Branches:
Dungeon (2/15)

Altars:
Yredelemnul


Innate Abilities, Weirdness & Mutations

You are resistant to torment.
Your stone body is resilient. (AC +3)
You are immune to poison.
You resist negative energy. (rN+)
You are resistant to electric shocks. (rElec)
You can survive without breathing.
You are immune to petrification.
You are immune to rotting.


Message History

You miss the adder. The adder bites you.
You closely miss the adder. The adder barely misses you. The adder bites you.
You are too injured to fight recklessly!
You are too injured to fight recklessly!
You are too injured to fight recklessly!
You are too injured to fight recklessly!
You are too injured to fight recklessly!
You are too injured to fight recklessly!
You are too injured to fight recklessly!
The adder closely misses you.
You miss the adder. The adder bites you.
* * * LOW HITPOINT WARNING * * *
You closely miss the adder. The adder bites you.
* * * LOW HITPOINT WARNING * * *
The adder barely misses you.
Okay, then.
You hit the adder.
The adder is lightly wounded.
The adder bites you.
You die...

,,,,,*,,* *,** *,* *,*
*,* # ,,,,,*,,* *..* *,*
*,* *,* # ,,,,,*,,* *#.*
*,* *,* *,* # ,,,,,*,,*
#.* *,* *,* *,* #
,,,,,*,,* #.#* *,* *,*
*,* # ,,,,,+,,* *.%* *,*
*,* *,* # ,,,,,**,*
*#.## *.# *,* *,* #
*******,*######..###.#
*,* *,***#
*****,,......S@..#.# *,#
*,,,<#
*,,,,,,...####...#.###.*
*****# ***,*******,*
##..#....,* #
,,*+*******,* #..#..#***
# ,,,,,,,,,,,,* ##.#..#
# ,,,,,,,,,,,,* #."..# #
,,,,,,,,,,,,* #....# #
,,,,,,,,,,,,* #....# #
,,,,,,,,,,,,* #.#>.# #


You could see an adder.

Vanquished Creatures
  A worm (D:2)
  A dart slug (D:2)
  A ball python (D:1)
  3 giant cockroaches
  5 goblins (D:1)
  5 hobgoblins
  2 jackals (D:1)
  6 kobolds (D:1)
  5 bats
  3 frilled lizards
  6 rats
38 creatures vanquished.

Notes
Turn   | Place    | Note
-------+----------+-------------------------------------------
     0 | D:1      | Borgoz the Gargoyle Berserker began the quest for the Orb.
     0 | D:1      | Reached XP level 1. HP: 14/14 MP: 1/1
    83 | D:1      | Reached XP level 2. HP: 18/19 MP: 2/2
   442 | D:1      | Reached XP level 3. HP: 23/23 MP: 3/3
   544 | D:1      | Reached ** piety under Trog
   894 | D:2      | Found a basalt altar of Yredelemnul.
  1198 | D:2      | Slain by an adder

Levels and vault maps discovered:
D:1:      dpeg_arrival_three_smaller_balls, layout_basic, serial_bayou_lagoon_b
D:2:      layout_basic, old_standard_altar, uniq_terence

Skill      XL: |  1  2  3 |
---------------+----------+-----
Long Blades    | 3 |  3.3
Dodging        | 2 |  2.0
Fighting       | |  3.7
Armour         | |  2.7

Action                   || total
-------------------------++-------
Melee: Falchion          ||    98
  Use: Scroll            ||     5
  Eat: Chunk             ||     1
Armor: Animal skin       ||    26
Dodge: Dodged            ||    63
       Rpst.: Falchion   ||    32

Table legend:
 A = Non-vault XP
 B = Vault XP
 C = Vault XP percentage of total XP
 D = Non-vault monster count
 E = Vault monster count
 F = Vault count percentage of total count
                 A         B        C        D         E       F
            +---------+---------+-------+---------+---------+-------
      Total |      67 |       0 |   0.0 |      38 |       0 |   0.0
            +---------+---------+-------+---------+---------+-------
        D:1 |      48 |       0 |   0.0 |      29 |       0 |   0.0
        D:2 |      19 |       0 |   0.0 |       9 |       0 |   0.0
            +---------+---------+-------+---------+---------+-------
